 Dungeon Crawl Stone Soup version 0.30-a0-719-gcc4359ea44 (webtiles) character file.

Game seed: 6863513066908667094

82 zinnoa the Ruffian (level 4, -5/66 HPs)
             Began as a Troll Berserker on Jan 26, 2023.
             Was a Believer of Trog.
             Killed from afar by Natasha (9 damage)
             ... with a magic dart
             ... on level 4 of the Dungeon.
             The game lasted 00:03:55 (2242 turns).

zinnoa the Ruffian (Troll Berserker)                Turns: 2242, Time: 00:03:55

Health: -5/66      AC:  4    Str: 27    XL:     4   Next: 21%
Magic:  3/3        EV: 10    Int:  3    God:    Trog [**....]
Gold:   171        SH:  0    Dex:  9    Spells: 3/3 levels left

rFire   . . .      SeeInvis .      - Unarmed
rCold   . . .      Faith    .    (no shield)
rNeg    . . .      Spirit   .    a - +0 animal skin
rPois   .          Reflect  .    (helmet restricted)
rElec   .          Harm     .    (no cloak)
rCorr   .          Rampage  .    (gloves unavailable)
Will    ++...                    (boots unavailable) Stlth
                                 (no amulet)
HPRegen 2.11/turn                (no ring)
MPRegen 0.08/turn                (no ring)

@: berserking, strong-willed, regenerating, very quick
A: large, unfitting armour, claws 3, regeneration 1, shaggy fur 1, tough skin 1
a: Renounce Religion, Berserk, Trog's Hand


You were on level 4 of the Dungeon.
You worshipped Trog.
Trog was pleased with you.
You visited 1 branch of the dungeon, and saw 4 of its levels.

You collected 171 gold pieces.

Inventory:

Hand Weapons
 k - the +5 Force Lance {heavy, knockback}
   (You took it off a kobold on level 3 of the Dungeon)
Armour
 a - a +0 animal skin (worn)
Scrolls
 b - 6 scrolls of identify {unknown}
 c - 3 scrolls of enchant weapon {unknown}
 g - a scroll of enchant armour {unknown}
Potions
 d - 2 potions of degeneration {unknown}
 e - 2 potions of invisibility {unknown}
 f - a potion of haste
 h - 2 potions of heal wounds {unknown}
 i - a potion of might {unknown}
 j - a potion of lignification {unknown}
 l - a potion of attraction {unknown}


   Skills:
 + Level 2.8 Fighting
 + Level 3.0 Dodging
 + Level 4.2 Unarmed Combat


You had 3 spell levels left.
You didn't know any spells.
Your spell library was empty.

Dungeon Overview and Level Annotations

Branches:
Dungeon (4/15)
 Temple: D:4-7

Altars:
Okawaru

Annotations:
D:4 Dowan, Duvessa, Natasha


Innate Abilities, Weirdness & Mutations

You are too large for most types of armour.
You have claws for hands.
Your natural rate of healing is unusually fast.
You are covered in fur. (AC +1)
You have tough skin. (AC +1)


Message History

The kobold hits you but does no damage.
You miss the kobold. You closely miss the kobold.
The kobold closely misses you.
You closely miss the kobold.
Duvessa zaps a wand.
The puff of flame hits you. The kobold barely misses you.
You claw Natasha!
Natasha is heavily wounded.
Duvessa says, "Where magic fails, the sword succeeds!"
Natasha claws you but does no damage. The kobold hits you with a +0 whip.
Dowan mumbles some strange words.
Dowan blinks!
Your skin crawls.
You feel strong-willed. Duvessa hits you with a +0 short sword.
The kobold hits you with a +0 whip. Natasha claws you.
Dowan hits you with a +0 dagger.
A red film seems to cover your vision as you go berserk!
You feel yourself moving faster!
You feel mighty! Duvessa hits you with a +0 short sword.
Natasha closely misses you. The kobold hits you but does no damage.
Dowan hits you with a +0 dagger. Duvessa hits you with a +0 short sword.
Calm down first, please.
You are too injured to fight recklessly!
You are too injured to fight recklessly!
You are too injured to fight recklessly!
You barely miss Dowan. The kobold barely misses you.
Dowan hits you with a +0 dagger.
* * * LOW HITPOINT WARNING * * *
Natasha stares at you and mumbles some strange words.
The magic dart hits you.
* * * LOW HITPOINT WARNING * * *
You barely miss Dowan. Your claw misses Dowan.
Duvessa zaps a wand.
The puff of flame hits you!
* * * LOW HITPOINT WARNING * * *
You claw Dowan!
Dowan is heavily wounded.
Duvessa zaps a wand.
The puff of flame hits you.
* * * LOW HITPOINT WARNING * * *
Natasha stares at you and mumbles some strange words.
The magic dart hits you!
You die...

#. . ##. ..##..
# .... .# #..##
..##
#..##...#..
#..<.......
###..h...#.##
#...@..###
......Kee...#
...##......##
.. .........# .
............
......#........
.....###.......
....# #......


You could see Duvessa (fast), Dowan, Natasha and a kobold.

Vanquished Creatures
  An adder (D:2)
  2 worms
  2 dart slugs (D:1)
  8 endoplasms
  5 giant cockroaches
  4 goblins
  5 hobgoblins
  5 quokkas
  8 ball pythons
  4 bats
  2 frilled lizards
  7 kobolds
  4 rats
57 creatures vanquished.

Notes
Turn   | Place    | Note
-------+----------+-------------------------------------------
     0 | D:1      | zinnoa the Troll Berserker began the quest for the Orb.
     0 | D:1      | Reached XP level 1. HP: 22/22 MP: 0/0
    67 | D:1      | Reached XP level 2. HP: 28/29 MP: 1/1
   181 | D:1      | Reached XP level 3. HP: 35/36 MP: 2/2
   521 | D:2      | Found an iron altar of Okawaru.
   531 | D:2      | Reached ** piety under Trog
   718 | D:2      | Identified the +2 ring mail of Xaun {rPois MP+9}
   930 | D:2      | Reached skill level 4 in Unarmed Combat
  1560 | D:3      | Reached XP level 4. HP: 44/44 MP: 3/3
  2231 | D:4      | Noticed Dowan
  2232 | D:4      | Noticed Duvessa
  2233 | D:4      | Noticed Natasha
  2242 | D:4      | Killed from afar by Natasha

Illustrated notes

Levels and vault maps discovered:
D:1:      dpeg_arrival_line_fractal, layout_rooms
D:2:      layout_basic, basic_altar
D:3:      layout_basic, chequers_hall_statues_corner_a
D:4:      layout_cave_pools, mainiacjoe_overflow_alcove_3, uniq_natasha,
          uniq_edmund, uniq_duvessa

Skill      XL: |  1  2  3  4 |
---------------+-------------+-----
Unarmed Combat | 4 |  4.2
Dodging        | 3 |  3.0
Fighting       | |  2.8

Action                     |  1- 3 |  4- 6 || total
---------------------------+-------+-------++-------
  Melee: Unarmed           |   126 |    29 ||   155
         Punch             |     2 |       ||     2
 Invoke: Berserk           |       |     1 ||     1
         Trog's Hand       |       |     1 ||     1
 Armour: Animal skin       |    48 |     5 ||    53
  Dodge: Dodged            |    70 |    13 ||    83

Table legend: (Time is in decaauts)
 A = Elapsed time spent in this place.
 B = Non-inter-level travel time spent in this place.
 C = Inter-level travel time spent in this place.
 D = Time resting spent in this place.
 E = Time spent auto-exploring this place.
 F = Levels seen in this place.
 G = Mean time per level.
                   A        B        C        D        E       F      G
               +--------+--------+--------+--------+--------+-----+--------+
         Total |   2228 |   2089 |    139 |    118 |   1627 |   4 |  557.0 |
       Dungeon |   2228 |   2089 |    139 |    118 |   1627 |   4 |  557.0 |
               +--------+--------+--------+--------+--------+-----+--------+

Top non-repeatable levels by time:
     D:2: 995 daAuts
     D:3: 836 daAuts
     D:1: 387 daAuts
     D:4: 9 daAuts
